 Dungeon Crawl Stone Soup version 0.22.1-1-ga44c0e5 (webtiles) character file.

30 aMcNicky the Vexing (level 3, -2/28 HPs)
             Began as a Gnoll Arcane Marksman on Oct 9, 2018.
             Slain by an adder (4 damage)
             ... on level 2 of the Dungeon.
             The game lasted 00:06:19 (1858 turns).

aMcNicky the Vexing (Gnoll Arcane Marksman)         Turns: 1858, Time: 00:06:21

Health: -2/28      AC:  9    Str: 13    XL:     3   Next: 20%
Magic:  7/7        EV:  7    Int: 15    God:
Gold:   64         SH:  0    Dex: 15    Spells: 6/7 levels left

rFire    . . .     SeeInvis .   h - -2 club (curse)
rCold    . . .     Gourm    .   (no shield)
rNeg     . . .     Faith    .   e - +1 chain mail
rPois    .         Spirit   .   (no helmet)
rElec    .         Reflect  .   (no cloak)
rCorr    .         Harm     .   (no gloves)
MR       .....                  (no boots)
Stlth    ..........             (no amulet)
HPRegen  0.09/turn              (no ring)
MPRegen  0.10/turn              (no ring)

@: lethally poisoned (-2 -> -10)
A: distributed training, fangs 1, strong nose
a: no special abilities


You were on level 2 of the Dungeon.
You were not hungry.

You visited 1 branch of the dungeon, and saw 2 of its levels.

You collected 64 gold pieces.

Inventory:

Hand Weapons
 h - a cursed -2 club (weapon)
 j - a +0 club
Armour
 a - a +0 robe
 e - a +1 chain mail (worn)
Potions
 b - a potion of invisibility {unknown}
 g - 2 potions of resistance {unknown}
Comestibles
 f - 4 rations


   Skills:
 + Level 2.5 Fighting
 + Level 0.6 Short Blades
 + Level 0.6 Long Blades
 + Level 0.6 Axes
 + Level 0.6 Maces & Flails
 + Level 0.6 Polearms
 + Level 0.6 Staves
 + Level 0.6 Slings
 + Level 0.6 Bows
 + Level 0.6 Crossbows
 + Level 4.5 Throwing
 + Level 0.6 Armour
 + Level 4.5 Dodging
 + Level 0.6 Stealth
 + Level 0.6 Shields
 + Level 0.6 Unarmed Combat
 + Level 2.8 Spellcasting
 + Level 0.4 Conjurations
 + Level 5.4 Hexes
 + Level 0.4 Charms
 + Level 0.4 Summonings
 + Level 0.4 Necromancy
 + Level 0.4 Translocations
 + Level 0.4 Transmutations
 + Level 0.4 Fire Magic
 + Level 0.4 Ice Magic
 + Level 0.4 Air Magic
 + Level 0.4 Earth Magic
 + Level 0.4 Poison Magic
 + Level 0.8 Invocations
 + Level 0.6 Evocations


You had 6 spell levels left.
You knew the following spells:

 Your Spells              Type           Power        Failure   Level  Hunger
a - Corona                Hex            ###....      63%         1    #......

Your spell library contained the following spells:

 Spells                   Type           Power        Failure   Level  Hunger
 Slow                     Hex            ###.....     77%         2    ##.....
 Inner Flame              Hex/Fire       ##......     100%        3    ###....
 Portal Projectile        Hex/Tloc       ##....       100%        3    ###....
 Cause Fear               Hex            ###.......   100%        4    #####..
 Leda's Liquefaction      Hex/Erth       ##........   100%        4    #####..


Dungeon Overview and Level Annotations

Branches:
Dungeon (2/15)

Altars:


Innate Abilities, Weirdness & Mutations

Your experience applies equally to all skills.
You have very sharp teeth.
Your uncanny sense of smell can sniff out nearby items.


Message History

You completely miss the adder. Your bite misses the adder.
The adder is heavily wounded.
The adder bites you but does no damage. x2
You hit the adder.
The adder is severely wounded.
* * * LOW HITPOINT WARNING * * *
You feel sick.
The adder bites you but does no damage. x2
You closely miss the adder. Your bite misses the adder.
The adder is severely wounded.
The adder barely misses you.
Your chain mail prevents you from hitting the adder.
The adder is severely wounded.
The adder barely misses you. The adder closely misses you.
You hit the adder but do no damage.
The adder is severely wounded.
The adder bites you.
* * * LOW HITPOINT WARNING * * *
You are more poisoned.
The adder poisons you! The adder bites you.
You die...

### ∆ #<# #.#
#.# #.#∆ ###.##
#....# #@#..#
#S#######
#r.......
........#######
..S.....#
r.......#
.......(#
#########


You could see an adder and a rat.

Vanquished Creatures
  A dart slug (D:1)
  2 leopard geckos (D:1)
  5 giant cockroaches (D:1)
  3 goblins (D:1)
  2 hobgoblins (D:1)
  4 bats (D:1)
  2 frilled lizards (D:1)
  7 rats (D:1)
26 creatures vanquished.

Notes
Turn   | Place    | Note
-------+----------+-------------------------------------------
     0 | D:1      | aMcNicky the Gnoll Arcane Marksman began the quest for the
                  | Orb.
     0 | D:1      | Reached XP level 1. HP: 17/17 MP: 4/4
   257 | D:1      | Reached XP level 2. HP: 23/23 MP: 5/5
  1243 | D:1      | Reached XP level 3. HP: 28/28 MP: 7/7
  1858 | D:2      | Slain by an adder

Action                   || total
-------------------------++-------
Melee: Unarmed           ||    53
       Bite              ||    20
       Club              ||   157
       Punch             ||     1
Throw: Javelin           ||    17
       Throwing net      ||     3
  Use: Scroll            ||     4
 Stab: Sleeping          ||     1
       Held in net/web   ||     1
  Eat: Chunk             ||     3
Armor: Robe              ||     5
       Chain mail        ||   194
Dodge: Dodged            ||   134
